 Dungeon Crawl Stone Soup version 0.21-a0-404-g291f19a (webtiles) character file.

131 dududu the Changer (level 5, 31/31 HPs)
             Began as a Kobold Transmuter on Sept 20, 2017.
             Was an Initiate of Gozag.
             Quit the game on level 3 of the Dungeon on Oct 29, 2017.
             The game lasted 00:20:38 (3660 turns).

dududu the Changer (Kobold Transmuter)              Turns: 3660, Time: 00:20:38

Health: 31/31      AC:  2    Str:  8    XL:     5   Next: 37%
Magic:  9/9        EV: 15    Int: 15    God:    Gozag
Gold:   301        SH:  0    Dex: 15    Spells: 3/9 levels left

rFire    . . .     SeeInvis .     - Unarmed
rCold    . . .     Gourm    .   (shield restricted)
rNeg     . . .     Faith    .   b - +0 robe
rPois    .         Spirit   .   (no helmet)
rElec    .         Reflect  .   (no cloak)
rCorr    .         Harm     .   (no gloves)
MR       .....                  (no boots)
Stlth    +.........             (no amulet)
HPRegen  0.10/turn              (no ring)
MPRegen  0.11/turn              (no ring)

@: no status effects
A: carnivore 3
a: Potion Petition, Call Merchant, Bribe Branch, Renounce Religion


You were on level 3 of the Dungeon.
You worshipped Gozag.
Gozag was aware of your devotion.
You were not hungry.

You visited 1 branch of the dungeon, and saw 3 of its levels.

You collected 349 gold pieces.
You paid 48 gold pieces to Gozag.

Inventory:

Missiles
 a - 4 arrows
 g - 51 stones (quivered)
Armour
 b - a +0 robe (worn)
 h - a +0 pair of gloves
Wands
 p - a wand of random effects (24/48)
Scrolls
 e - 4 scrolls of blinking {unknown}
 i - 2 scrolls of immolation {unknown}
 j - a scroll of recharging {unknown}
 k - a scroll of amnesia {unknown}
 n - 3 scrolls of enchant armour {unknown}
 o - a scroll of random uselessness {unknown}
 q - a scroll of enchant weapon {unknown}
 s - a scroll of identify {unknown}
Potions
 f - 3 potions of invisibility {unknown}
 l - 2 potions of curing {unknown}
 m - a potion of agility
 r - a potion of heal wounds {unknown}
Books
 c - a book of Changes

   Spells                             Type                      Level
   a - Beastly Appendage              Transmutation                1
   b - Sticks to Snakes               Transmutation                2
   c - Spider Form                    Transmutation/Poison         3
   d - Ice Form                       Ice/Transmutation            4
   e - Blade Hands                    Transmutation                5
Comestibles
 d - a meat ration


   Skills:
 + Level 2.7 Fighting
 - Level 2.4 Dodging
 + Level 3.5 Unarmed Combat
 + Level 2.7 Spellcasting
 * Level 3.7 Transmutations


You had 3 spell levels left.
You knew the following spells:

 Your Spells              Type           Power        Failure   Level  Hunger
a - Beastly Appendage     Tmut           ##....       4%          1    #......
b - Sticks to Snakes      Tmut           ##......     7%          2    ##.....
c - Spider Form           Tmut/Pois      #.........   28%         3    ###....


Dungeon Overview and Level Annotations

Branches:
Dungeon (3/15)

Altars:
Gozag

Annotations:
D:2 exclusion: adder, Natasha


Innate Abilities, Weirdness & Mutations

You are small and have problems with some larger weapons.
You are carnivorous and can eat meat at any time.


Message History

You hit the quokka but do no damage.
The quokka is almost dead.
The quokka closely misses you.
You hit the quokka.
You kill the quokka!
You now have 281 gold pieces (gained 4).
You see here a club.
You now have 290 gold pieces (gained 9).
You now have 301 gold pieces (gained 11).
You start resting.
HP restored.
g - 51 stones (gained 13)
Found 17 stones.
A frilled lizard comes into view.
An adder comes into view.
Saving game... please wait.
Welcome back, dududu the Kobold Transmuter.
Gozag says: Greed is good.
Press ? for a list of commands and other information.
Are you sure you want to abandon this character and quit the game? (Confirm with "yes".)

.##.#..###.<.#.....
........).......#
....#.).........#
................###
...................
#
................##.
#..
##..............#
...
....##..........##
.. (#..
#########..@##.#
##.# #........# #
#.#####....(.S ...
...l... $ ..##
######. #


You could see a frilled lizard (wandering).

Vanquished Creatures
  A hound (D:2)
  2 adders (D:2)
  2 oozes (D:2)
  2 worms (D:2)
  2 dart slugs
  A ball python (D:1)
  10 goblins
  8 hobgoblins
  2 quokkas (D:3)
  10 bats
  4 frilled lizards
  9 kobolds
  3 rats (D:2)
56 creatures vanquished.

Vanquished Creatures (collateral kills)
  Terence (D:2)
1 creature vanquished.

Grand Total: 57 creatures vanquished

Notes
Turn   | Place    | Note
-------+----------+-------------------------------------------
     0 | D:1      | dududu the Kobold Transmuter began the quest for the Orb.
     0 | D:1      | Reached XP level 1. HP: 12/12 MP: 3/3
   142 | D:1      | Reached XP level 2. HP: 16/16 MP: 3/5
   146 | D:1      | Learned a level 2 spell: Sticks to Snakes
   603 | D:1      | Reached XP level 3. HP: 19/20 MP: 4/6
  1353 | D:2      | Found an opulent altar of Gozag.
  1375 | D:2      | Became a worshipper of Gozag Ym Sagoz the Greedy
  1648 | D:2      | Noticed Natasha
  1720 | D:2      | Learned a level 3 spell: Spider Form
  2106 | D:2      | Noticed Terence
  2151 | D:2      | Reached XP level 4. HP: 17/26 MP: 2/7
  2247 | D:2      | Killed Terence
  2422 | D:2      | Found a faded altar of an unknown god.
  2476 | D:2      | Reached XP level 5. HP: 11/31 MP: 4/9
  3660 | D:3      | Upgraded the game from 0.21-a0-278-ga722497 to 0.21-a0-404-g291f19a
  3660 | D:3      | Quit the game

Vault maps used:
D:1:      minmay_arrival_open_corners
D:2:      grunt_gozag_breadcrumbs, chequers_ecumenical_altar_island,
          kennysheep_generic_room_4, uniq_natasha, uniq_terence

Skill      XL: |  1  2  3 |
---------------+----------+-----
Fighting       | 2 |  2.7
Transmutations | 3 |  3.7
Dodging        | |  2.4
Unarmed Combat | |  3.5
Spellcasting   | |  2.7

Action                   |  1- 3 |  4- 6 || total
-------------------------+-------+-------++-------
Melee: Unarmed           |   131 |   101 ||   232
       Kick              |     9 |     1 ||    10
       Punch             |     1 |     2 ||     3
       Headbutt          |     4 |     6 ||    10
Throw: Stone             |     6 |     1 ||     7
 Cast: Beastly Appendage |    28 |     6 ||    34
       Sticks to Snakes  |     2 |     6 ||     8
       Spider Form       |       |     3 ||     3
 Stab: Sleeping          |     1 |     1 ||     2
       Distracted        |       |     1 ||     1
  Eat: Chunk             |     6 |       ||     6
       Meat ration       |       |     1 ||     1
Armor: Robe              |    18 |     7 ||    25
       Skin              |       |     1 ||     1
Dodge: Dodged            |    97 |    52 ||   149

Table legend:
 A = Spawn XP
 B = Non-spawn XP
 C = Spawn XP percentage of total XP
 D = Spawn monster count
 E = Non-spawn monster count
 F = Spawn count percentage of total count
 G = Total turns spent on level
                    A         B        C        D         E        F      G
               +---------+---------+-------+---------+---------+-------+---------
         Total |       0 |     188 |   0.0 |       0 |      57 |   0.0 |  3660
               +---------+---------+-------+---------+---------+-------+---------
           D:1 |       0 |      41 |   0.0 |       0 |      25 |   0.0 |  1311
           D:2 |       0 |     140 |   0.0 |       0 |      28 |   0.0 |  2154
           D:3 |       0 |       7 |   0.0 |       0 |       4 |   0.0 |   195
               +---------+---------+-------+---------+---------+-------+---------
